 Dungeon Crawl Stone Soup version 0.21.1-1-g345015f (webtiles) character file.

112 tidbits the Chiller (level 4, 0/32 HPs)
             Began as a Gnoll Ice Elementalist on June 6, 2018.
             Killed themself with a badly aimed iceblast (11 damage)
             ... on level 3 of the Dungeon.
             The game lasted 00:05:11 (425 turns).

tidbits the Chiller (Gnoll Ice Elementalist)         Turns: 425, Time: 00:05:12

Health: 0/32       AC:  2    Str: 10    XL:     4   Next: 95%
Magic:  1/11       EV: 15    Int: 18    God:
Gold:   38         SH:  0    Dex: 16    Spells: 7/13 levels left

rFire    . . .     SeeInvis .   a - +0 dagger
rCold    . . .     Gourm    .   (no shield)
rNeg     + . .     Faith    .   e - +0 robe
rPois    .         Spirit   .   (no helmet)
rElec    .         Reflect  .   (no cloak)
rCorr    .         Harm     .   (no gloves)
MR       .....                  (no boots)
Stlth    +++.......             (no amulet)
HPRegen  0.10/turn              i - ring of positive energy
MPRegen  0.12/turn              (no ring)

@: no status effects
A: distributed training, fangs 1, strong nose
a: no special abilities


You were on level 3 of the Dungeon.
You were not hungry.

You visited 1 branch of the dungeon, and saw 4 of its levels.

You collected 38 gold pieces.

Inventory:

Hand Weapons
 a - a +0 dagger (weapon)
Armour
 e - a +0 robe (worn)
Magical Staves
 k - an uncursed staff of conjuration {!a}
   (You found it on level 3 of the Dungeon)
Jewellery
 i - a ring of positive energy (left hand)
   (You found it on level 4 of the Dungeon)
Wands
 l - a wand of random effects (36)
Scrolls
 d - a scroll of remove curse {unknown}
 f - a scroll of blinking {unknown}
 g - 2 scrolls of immolation {unknown}
 j - 2 scrolls of identify {unknown}
Books
 b - a book of Frost

   Spells                             Type                      Level
   a - Freeze                         Ice                          1
   b - Throw Frost                    Conjuration/Ice              2
   c - Ozocubu's Armour               Charms/Ice                   3
   d - Throw Icicle                   Conjuration/Ice              4
   e - Summon Ice Beast               Ice/Summoning                4
Comestibles
 c - 2 rations


   Skills:
 + Level 1.2 Fighting
 + Level 1.2 Short Blades
 + Level 1.2 Long Blades
 + Level 1.2 Axes
 + Level 1.2 Maces & Flails
 + Level 1.2 Polearms
 + Level 1.2 Staves
 + Level 1.2 Slings
 + Level 1.2 Bows
 + Level 1.2 Crossbows
 + Level 1.2 Throwing
 + Level 1.2 Armour
 + Level 4.7 Dodging
 + Level 4.3 Stealth
 + Level 1.2 Shields
 + Level 1.2 Unarmed Combat
 + Level 5.1 Spellcasting
 + Level 2.3 Conjurations
 + Level 1.0 Hexes
 + Level 1.0 Charms
 + Level 1.0 Summonings
 + Level 1.0 Necromancy
 + Level 1.0 Translocations
 + Level 1.0 Transmutations
 + Level 1.0 Fire Magic
 + Level 5.5 Ice Magic
 + Level 1.0 Air Magic
 + Level 1.0 Earth Magic
 + Level 1.0 Poison Magic
 + Level 1.4 Invocations
 + Level 1.2 Evocations


You had 7 spell levels left.
You knew the following spells:

 Your Spells              Type           Power        Failure   Level  Hunger
a - Freeze                Ice            ###.         1%          1    None
j - Throw Frost           Conj/Ice       ###...       4%          2    #......
o - Ozocubu's Armour      Chrm/Ice       ###.....     10%         3    ##.....


Dungeon Overview and Level Annotations

Branches:
Dungeon (4/15)
 Temple: D:4-7

Altars:


Innate Abilities, Weirdness & Mutations

Your experience applies equally to all skills.
You have very sharp teeth.
Your uncanny sense of smell can sniff out nearby items.


Message History

A frilled lizard comes into view. 5 goblins, a hobgoblin and Robin come into view.
The goblin shouts! x4; Robin shouts!
You hear a shout!
The goblin shouts!
You hear a shout! x2
Found 19 gold pieces.
A goblin comes into view. It is wielding a club.
The frilled lizard hisses angrily.
The hobgoblin shouts!
A goblin comes into view. 2 hobgoblins come into view.
You closely miss the frilled lizard. The frilled lizard closely misses you.
Robin roars a battlecry!
The goblins go into a battle-frenzy!
You hear a shout!
A goblin comes into view. It is wielding a club.
You hit the frilled lizard.
You kill the frilled lizard!
Robin throws the goblin at you!
Casting: Freeze
Confirm with . or Enter, or press ? or * to list all spells.
Aiming: Freeze
Press: ? - help, Shift-Dir - straight line, f - hobgoblin
Aim: a hobgoblin, wielding a club (unusually strong)
You freeze the hobgoblin.
You kill the hobgoblin!
The goblin closely misses you.
Casting: Freeze
Confirm with . or Enter, or press ? or * to list all spells.
Aiming: Freeze
Press: ? - help, Shift-Dir - straight line, f - Robin
Aim: Robin, wielding a dagger, wearing an animal skin and wearing a helmet You freeze Robin.
Robin is moderately wounded.
The goblin barely misses you. Robin hits you with a dagger.
* * * LOW HITPOINT WARNING * * *
Casting: Freeze
Confirm with . or Enter, or press ? or * to list all spells.
Aiming: Freeze
Press: ? - help, Shift-Dir - straight line, f/p - Robin
Aim: Robin, wielding a dagger, wearing an animal skin and wearing a helmet (moderately wounded)
You freeze Robin.
Robin is heavily wounded.
The goblin barely misses you. Robin hits you but does no damage.
Casting: Freeze
Confirm with . or Enter, or press ? or * to list all spells.
Aiming: Freeze
Press: ? - help, Shift-Dir - straight line, f/p - Robin
Aim: Robin, wielding a dagger, wearing an animal skin and wearing a helmet (heavily wounded)
You freeze Robin.
Robin is severely wounded.
The goblin misses you.
Casting: Freeze
Confirm with . or Enter, or press ? or * to list all spells.
Aiming: Freeze
Press: ? - help, Shift-Dir - straight line, f/p - Robin
Aim: Robin, wielding a dagger, wearing an animal skin and wearing a helmet (severely wounded)
You freeze Robin.
You kill Robin!
The goblin misses you.
It was a potion of curing.
You feel better. The goblin misses you. x2
Casting: Freeze
Confirm with . or Enter, or press ? or * to list all spells.
Aiming: Freeze
Press: ? - help, Shift-Dir - straight line, f - goblin
Aim: a goblin (unusually strong)
You freeze the goblin.
You kill the goblin!
The goblin shouts!
The goblin completely misses you.
Unknown command.
Evoke which item? (* to show all) (? for menu, Esc to quit)
Aiming: Random Effects
Press: ? - help, Shift-Dir - straight line, f - hobgoblin
Aim: a hobgoblin (unusually strong)
The bolt of negative energy hits the goblin.
The goblin is drained!
You kill the goblin!
The bolt of negative energy hits the hobgoblin.
The hobgoblin is drained!
You kill the hobgoblin!
Unknown command.
Evoke which item? (* to show all) (? for menu, Esc to quit)
Aiming: Random Effects
Press: ? - help, Shift-Dir - straight line, f - goblin
Aim: a goblin (unusually strong)
The puff of frost hits the hobgoblin.
The hobgoblin is severely wounded.
The hobgoblin hits you with a club!
* * * LOW HITPOINT WARNING * * *
Unknown command.
Evoke which item? (* to show all) (? for menu, Esc to quit)
Aiming: Random Effects
Press: ? - help, Shift-Dir - straight line, f - goblin, p - goblin
Aim: a goblin, wielding a club (unusually strong)
The mass of ice explodes!
The iceblast engulfs the hobgoblin.
You kill the hobgoblin!
The iceblast engulfs the goblin.
You kill the goblin!
The iceblast engulfs you!
You die...

######### ####
#....r..# ####. ....#
#.#####.# .....
##...## ####.#### .# ∆
#...... #.......# ##
....... #.##.##.##.#
.......####.##..)....#
.....g†)@†..##(......#
....##.#######)##.#.##
# #. #.# .# # ∆ g. #.#
## .$g #(. ##.


#ggg ###. ... #.gg∆ .# .. ∆.... # .. You could see a goblin.

Vanquished Creatures
  An orc wizard (D:3)
  Robin (D:3)
  2 adders (D:3)
  3 worms (D:3)
  2 dart slugs (D:3)
  A leopard gecko (D:3)
  3 orcs (D:3)
  2 giant cockroaches
  5 goblins
  5 hobgoblins
  8 jackals
  4 quokkas (D:3)
  A ball python (D:4)
  2 frilled lizards (D:3)
  A kobold (D:3)
  A rat (D:3)
42 creatures vanquished.

Notes
Turn   | Place    | Note
-------+----------+-------------------------------------------
     0 | D:1      | tidbits the Gnoll Ice Elementalist began the quest for the Orb.
     0 | D:1      | Reached XP level 1. HP: 13/13 MP: 6/6
    55 | D:2      | Reached skill level 2 in Conjurations
    56 | D:2      | Reached XP level 2. HP: 17/19 MP: 3/7
    62 | D:2      | Learned a level 2 spell: Throw Frost
   178 | D:3      | Reached XP level 3. HP: 15/25 MP: 6/9
   183 | D:3      | Learned a level 3 spell: Ozocubu's Armour
   190 | D:3      | Reached skill level 5 in Spellcasting
   210 | D:3      | Reached skill level 1 in Invocations
   325 | D:3      | Reached skill level 1 in Fighting
   325 | D:3      | Reached skill level 1 in Short Blades
   325 | D:3      | Reached skill level 1 in Long Blades
   325 | D:3      | Reached skill level 1 in Axes
   325 | D:3      | Reached skill level 1 in Maces & Flails
   325 | D:3      | Reached skill level 1 in Polearms
   325 | D:3      | Reached skill level 1 in Staves
   325 | D:3      | Reached skill level 1 in Slings
   325 | D:3      | Reached skill level 1 in Bows
   325 | D:3      | Reached skill level 1 in Crossbows
   325 | D:3      | Reached skill level 1 in Throwing
   325 | D:3      | Reached skill level 1 in Armour
   325 | D:3      | Reached skill level 1 in Shields
   325 | D:3      | Reached skill level 1 in Unarmed Combat
   325 | D:3      | Reached skill level 1 in Evocations
   343 | D:3      | Reached XP level 4. HP: 22/32 MP: 9/11
   395 | D:3      | Reached skill level 1 in Hexes
   395 | D:3      | Reached skill level 1 in Charms
   395 | D:3      | Reached skill level 1 in Summonings
   395 | D:3      | Reached skill level 1 in Necromancy
   395 | D:3      | Reached skill level 1 in Translocations
   395 | D:3      | Reached skill level 1 in Transmutations
   395 | D:3      | Reached skill level 1 in Fire Magic
   395 | D:3      | Reached skill level 1 in Air Magic
   395 | D:3      | Reached skill level 1 in Earth Magic
   395 | D:3      | Reached skill level 1 in Poison Magic
   409 | D:3      | Noticed Robin
   420 | D:3      | Killed Robin
   425 | D:3      | Killed themself with a badly aimed iceblast

Skill      XL: |  1  2  3  4 |
---------------+-------------+-----
Conjurations   | 2 |  2.3
Spellcasting   | 5 |  5.1
Invocations    | 1 |  1.4
Fighting       | 1 |  1.2
Short Blades   | 1 |  1.2
Long Blades    | 1 |  1.2
Axes           | 1 |  1.2
Maces & Flails | 1 |  1.2
Polearms       | 1 |  1.2
Staves         | 1 |  1.2
Slings         | 1 |  1.2
Bows           | 1 |  1.2
Crossbows      | 1 |  1.2
Throwing       | 1 |  1.2
Armour         | 1 |  1.2
Shields        | 1 |  1.2
Unarmed Combat | 1 |  1.2
Evocations     | 1 |  1.2
Hexes          | 1 |  1.0
Charms         | 1 |  1.0
Summonings     | 1 |  1.0
Necromancy     | 1 |  1.0
Translocations | 1 |  1.0
Transmutations | 1 |  1.0
Fire Magic     | 1 |  1.0
Air Magic      | 1 |  1.0
Earth Magic    | 1 |  1.0
Poison Magic   | 1 |  1.0
Dodging        | |  4.7
Stealth        | |  4.3
Ice Magic      | |  5.5

Action                   |  1- 3 |  4- 6 || total
-------------------------+-------+-------++-------
Melee: Dagger            |    14 |    10 ||    24
       Bite              |     1 |     1 ||     2
 Cast: Freeze            |    27 |    18 ||    45
Evoke: Wand              |       |     2 ||     2
  Use: Potion            |       |     1 ||     1
 Stab: Sleeping          |    10 |     1 ||    11
       Distracted        |     2 |       ||     2
Armor: Robe              |     3 |     2 ||     5
Dodge: Dodged            |    13 |    18 ||    31

Table legend:
 A = Turns spent in this place as a percentage of turns spent in the entire game.
 B = Non-inter-level travel turns spent in this place as a percentage of non-inter-level travel turns spent in the entire game.
 C = Inter-level travel turns spent in this place as a percentage of turns spent in this place.
 D = Turns resting spent in this place as a percentage of non-inter-level travel turns spent in this place.
 E = Turns spent auto-exploring this place as a percentage of non-inter-level travel turns spent in this place.
 F = Non-inter-level travel turns spent in this place divided by the number of levels of this place that you've seen.
                   A       B       C       D       E      F
               +-------+-------+-------+-------+-------+----------------------
         Total | 100.0 | 100.0 |   0.0 |   0.0 |   0.0 | 106.2
       Dungeon | 100.0 | 100.0 |   0.0 |   0.0 |   0.0 | 106.2
               +-------+-------+-------+-------+-------+----------------------

Table legend:
 A = Kills in this place as a percentage of kills in entire the game.
 B = Kills by you in this place as a percentage of kills by you in the entire game.
 C = Kills by friends in this place as a percentage of kills by friends in the entire game.
 D = Other kills in this place as a percentage of other kills in the entire game.
 E = Experience gained in this place as a percentage of experience gained in the entire game.
 F = Experience gained in this place divided by the number of levels of this place that you have seen.
                   A       B       C       D       E      F
               +-------+-------+-------+-------+-------+----------------------
         Total | 100.0 | 100.0 |   N/A |   N/A | 100.0 |  40.2
       Dungeon | 100.0 | 100.0 |   N/A |   N/A | 100.0 |  40.2
               +-------+-------+-------+-------+-------+----------------------

Vault maps used:
D:1:      minmay_arrival_cross
D:2:      overflow_temple_1_default, lemuel_crystal_altar
D:3:      uniq_terence, uniq_crazy_yiuf_cottage, uniq_robin
D:4:      kennysheep_mini_moat, old_standard_altar, first_ration,
          enter_ossuary_5, chequers_big_river, tgw_xom, uniq_sigmund
